 Dungeon Crawl Stone Soup version 0.29.1-2-gbd0b4ee654 (webtiles) character file.

Game seed: 14887972902038153140

424 H0rd4k the Insei (level 6, -3/43 HPs)
             Began as an Octopode Artificer on Nov 18, 2022.
             Was an Initiate of Gozag.
             Slain by an orc wizard
             ... wielding a +0 dagger
              (4 damage)
             ... on level 4 of the Dungeon on Nov 21, 2022.
             The game lasted 00:05:15 (5755 turns).

H0rd4k the Insei (Octopode Artificer)               Turns: 5755, Time: 00:05:15

Health: -3/43      AC:  1    Str: 11    XL:     6   Next: 96%
Magic:  19/19      EV: 13    Int: 16    God:    Gozag
Gold:   195        SH:  0    Dex: 12    Spells: 10/10 levels left

rFire   . . .      SeeInvis .     - Unarmed
rCold   . . .      Faith    .   (no shield)
rNeg    . . .      Spirit   .   (helmet restricted)
rPois   .          Reflect  +   z - amulet of reflection
rElec   .          Harm     .   y - ring of magical power
rCorr   .          Rampage  .   (no ring)
Will    .....                   (no ring)
Stlth   ++........              (no ring)
HPRegen 0.14/turn               (no ring)
MPRegen 0.16/turn               (no ring)
                                (no ring)
                                (no ring)

@: confused
A: almost no armour, amphibious, 8 rings, camouflage 1, gelatinous body 1,
(nimble swimmer 1), tentacles
a: Renounce Religion, Potion Petition, Call Merchant, Bribe Branch


You were on level 4 of the Dungeon.
You worshipped Gozag.
Gozag was aware of your devotion.
You visited 1 branch of the dungeon, and saw 4 of its levels.
You also visited: Sewer.

You collected 277 gold pieces.
You paid 82 gold pieces to Gozag.

Inventory:

Missiles
 p - 3 poisoned darts
 A - a throwing net
Magical Staves
 g - a staff of death
Jewellery
 y - a ring of magical power (left tentacle)
 z - an amulet of reflection (around mantle)
Wands
 b - a wand of flame (10) (quivered)
 c - a wand of charming (12)
 d - a wand of iceblast (1)
Scrolls
 f - 4 scrolls of teleportation
 j - a scroll of enchant armour {unknown}
 n - 2 scrolls of blinking {unknown}
 o - a scroll of magic mapping {unknown}
 s - a scroll of immolation {unknown}
 u - 2 scrolls of fear {unknown}
 v - a scroll of noise {unknown}
 w - 3 scrolls of enchant weapon {unknown}
 x - a scroll of fog
Potions
 a - a potion of haste {unknown}
 h - a potion of magic
 i - 2 potions of degeneration
 k - a potion of might
 l - a potion of invisibility
 m - a potion of brilliance
 q - a potion of heal wounds {unknown}
 r - 3 potions of attraction
 t - 2 potions of cancellation {unknown}


   Skills:
 * Level 3.8 Fighting
 - Level 2.3 Dodging
 - Level 1.3 Stealth
 + Level 4.3 Unarmed Combat
 * Level 2.9 Spellcasting
 - Level 3.2 Evocations


You had 10 spell levels left.
You didn't know any spells.
Your spell library was empty.

Dungeon Overview and Level Annotations

Branches:
Dungeon (4/15)             Temple (0/1) D:4           Sewer (visited)

Altars:
Dithmenos
Gozag
Kikubaaqudgha
Nemelex Xobeh
Okawaru

Shops:
D:3 [*((*

Annotations:
D:3 exclusion: 2 downstairs


Innate Abilities, Weirdness & Mutations

You cannot wear most types of armour.
You are amphibious.
You can wear up to eight rings at the same time.
Your skin changes colour to match your surroundings (Stealth+).
Your rubbery body absorbs attacks. (AC +1, EV +1)
((You are camouflaged when in or above water. (Stealth+)))
You have tentacles for arms and can constrict up to eight enemies at once.


Message History

You open the door.
There is an open door here.
You open the door.
There is an open door here.
There is an open door here.
There is an open door here.
There is a stone staircase leading down here.
You climb downwards.
There is a stone staircase leading up here.
An orc wizard is nearby!
An orc wizard is nearby!
An orc wizard is nearby!
The puff of flame hits the orc wizard.
The orc wizard is heavily wounded.
The orc wizard shouts!
The orc wizard points at you and mumbles some strange words.
You are confused.
You are too confused!
You are too confused!
You're too confused to move!
The kobold shouts!
The orc wizard gestures at you while chanting.
You are more confused.
The orc wizard gestures wildly while chanting.
The orc wizard flickers and vanishes!
Deactivating autopickup; reactivate with Ctrl-A.
You bump into the rock wall.
The gnoll hits you with the +6 war axe of Omoeruf {vorpal, rPois Int+5}!
The gnoll attacks as you move away!
The gnoll hits you with the +6 war axe of Omoeruf {vorpal, rPois Int+5}!
* * * LOW HITPOINT WARNING * * *
You bump into the rock wall.
The gnoll hits you with the +6 war axe of Omoeruf {vorpal, rPois Int+5}!
* * * LOW HITPOINT WARNING * * *
x2 You are too confused!
Unknown command.
You are too confused!
You're too confused to move!
The gnoll closely misses you. Something hits you.
You die...
Your body crumbles into a pile of gold.

#..#### # # #...#.[..##. #..#
#.######.#.##.# . #..#
#....<##.#.# .# #..#
###.#.....###.# #..#
#...........# #.(#
###.......#### #..#
###.....'... ...#
####.....#### ...# #.@.....##
...######### #.g.....# #####
...........# #.K.....##....#
##.#######.####.............#
##.....###.#.....##.##......##
.......g<......(..........(...
##.....###.......#####......##
.......###..$....### #...####
.....g.............# #g....


You could see a gnoll and a kobold.

Vanquished Creatures
  A howler monkey (D:4)
  A hound (D:2)
  An iguana (D:4)
  An orc wizard (D:4)
  Robin (D:3)
  9 adders
  3 gnolls (D:4)
  2 river rats (Sewer)
  A white imp (D:4)
  A worm (D:2)
  A dart slug (D:3)
  5 orcs (D:4)
  11 ball pythons
  4 bats
  8 endoplasms
  6 giant cockroaches
  9 hobgoblins
  3 jackals (D:2)
  4 kobolds
  2 quokkas
  9 frilled lizards
  15 goblins
  4 rats (D:2)
102 creatures vanquished.

Vanquished Creatures (collateral kills)
  A gnoll bouda (D:4)
  2 adders
  A river rat (Sewer)
  A rat (Sewer)
5 creatures vanquished.

Vanquished Creatures (others)
  A river rat (Sewer)
1 creature vanquished.

Grand Total: 108 creatures vanquished

Notes
Turn   | Place    | Note
-------+----------+-------------------------------------------
     0 | D:1      | H0rd4k the Octopode Artificer began the quest for the Orb.
     0 | D:1      | Reached XP level 1. HP: 13/13 MP: 1/1
   112 | D:1      | Reached skill level 1 in Spellcasting
   112 | D:1      | Reached XP level 2. HP: 14/18 MP: 1/3
   916 | D:1      | Reached XP level 3. HP: 14/24 MP: 5/5
  1577 | D:2      | Reached skill level 1 in Unarmed Combat
  1577 | D:2      | Reached XP level 4. HP: 25/30 MP: 6/6
  1666 | D:2      | Found a faded altar of an unknown god.
  2478 | D:3      | Found Qoashu Pacuk's Assorted Antiques.
  2484 | D:3      | Found a glowing drain.
  2588 | Sewer    | Entered a sewer
  2612 | Sewer    | Reached skill level 2 in Unarmed Combat
  2731 | Sewer    | Reached XP level 5. HP: 4/36 MP: 8/8
  3748 | D:3      | Found Suaruich's Antique Weapon Shoppe.
  3783 | D:3      | Reached skill level 3 in Unarmed Combat
  3906 | D:3      | Found a faded altar of an unknown god.
  3910 | D:3      | Found an iron altar of Okawaru.
  3930 | D:3      | Found Myator's Antique Weapon Emporium.
  3931 | D:3      | Found Wecot's Assorted Antiques.
  3950 | D:3      | Found a shadowy altar of Dithmenos.
  4127 | D:3      | Found Qoorch's Antique Armour Boutique.
  4195 | D:3      | Found a sparkling altar of Nemelex Xobeh.
  4195 | D:3      | Found an opulent altar of Gozag.
  4195 | D:3      | Noticed Robin
  4348 | D:4      | Reached XP level 6. HP: 42/42 MP: 9/9
  4666 | D:3      | Killed Robin
  4829 | D:3      | Became a worshipper of Gozag Ym Sagoz the Greedy
  4992 | D:4      | Reached skill level 4 in Unarmed Combat
  5324 | D:4      | Found an ancient bone altar of Kikubaaqudgha.
  5395 | D:4      | Identified the +6 war axe of Omoeruf {vorpal, rPois Int+5}
  5399 | D:4      | Found a staircase to the Ecumenical Temple.
  5754 | D:4      | HP: 1/43 [gnoll/the +6 war axe of Omoeruf {vorpal, rPois
                  | Int+5}[a gnoll bouda] (2)]
  5755 | D:4      | Slain by an orc wizard

Illustrated notes

Levels and vault maps discovered:
D:1:      nicolae_arrival_washed_ashore, layout_basic, feat_on_display
D:2:      layout_loops_ring, basic_ecumenical_altar, minmay_crystal_room,
          corexii_item_surrounded_by_moat
D:3:      layout_loops_ring, nicolae_overflow_ecumenical_swirl,
          grunt_dithmenos_smoke, grunt_temple_overflow_opulence, serial_shops,
          nicolae_shop_trees, nicolae_shop_crystal, shop, nicolae_shop_stone,
          shop, cheibrodos_sewer_entry_drain, minmay_quadrilaterals, uniq_robin
D:4:      layout_basic, nicolae_kikubaaqudgha_miasma_corner,
          minmay_temple_entry_trees, minivault_25

Skill      XL: |  1  2  3  4  5  6 |
---------------+-------------------+-----
Spellcasting   | 1 2 |  2.9
Fighting       | 2 3 |  3.8
Unarmed Combat | 1 2 3 4 |  4.3
Dodging        | |  2.3
Stealth        | |  1.3
Evocations     | |  3.2

Action                   |  1- 3 |  4- 6 || total
-------------------------+-------+-------++-------
Melee: Unarmed           |    68 |   170 ||   238
       Tentacles         |    22 |    45 ||    67
       Constrict         |    21 |    46 ||    67
       Punch             |     1 |     6 ||     7
Evoke: Wand              |       |    12 ||    12
  Use: Scroll            |       |     8 ||     8
 Stab: Sleeping          |     8 |    15 ||    23
Armor: Skin              |     7 |     5 ||    12
Dodge: Dodged            |    47 |    90 ||   137
Block: Other             |       |     4 ||     4
